 Dungeon Crawl Stone Soup version 0.31-a0-187-gba352fbbf7 (webtiles) character file.

Game seed: 2046891267697313253

88 qw the Shooter (level 4, -7/25 HPs)
             Began as a Deep Elf Hunter on June 22, 2023.
             Mangled by a river rat (8 damage)
             ... on level 3 of the Dungeon.
             The game lasted 00:00:35 (1282 turns).

qw the Shooter (Deep Elf Hunter)                    Turns: 1282, Time: 00:00:36

Health: -7/25      AC:  4    Str: 16    XL:     4   Next: 30%
Magic:  6/6        EV: 12    Int: 14    God:
Gold:   49         SH:  0    Dex: 18    Spells: 3/3 levels left

rFire   . . .        Y - +0 shortbow
rCold   . . .        (shield currently unavailable)
rNeg    . . .        c - +0 leather armour
rPois   .            b - +0 helmet
rElec   .            (no cloak)
rCorr   .            (no gloves)
SInv    .            (no boots)
Will    .....        (no amulet)
Stlth   +            a - +6 ring of strength
HPRegen 0.24/turn    (no ring)
MPRegen 0.10/turn

%: no passive effects
@: very slow
A: no striking features
a: no special abilities


You were on level 3 of the Dungeon.
You visited 1 branch of the dungeon, and saw 3 of its levels.

You collected 49 gold pieces.


   Skills:
 - Level 1.5 Fighting
 + Level 7.7 Ranged Weapons
 - Level 2.4 Dodging
 - Level 1.2 Stealth


You had 3 spell levels left.
You didn't know any spells.
Your spell library was empty.

Inventory:

Hand Weapons
 Y - a +0 shortbow (weapon)
Armour
 b - a +0 helmet (worn)
 c - a +0 leather armour (worn)
Jewellery
 a - a +6 ring of strength (left hand)
 e - an amulet of reflection
Scrolls
 g - a scroll of identify
Potions
 d - a potion of resistance {unknown}
 f - a potion of enlightenment {unknown}

Dungeon Overview and Level Annotations

Branches:
Dungeon (3/15)

Altars:
Yredelemnul

Shops:
D:2 =


Message History

You shoot an arrow. The arrow hits the river rat.
The river rat is heavily wounded.
The river rat closely misses you.
You shoot an arrow. The arrow barely misses the river rat.
The river rat bites you but does no damage.
You shoot an arrow.
The arrow hits the river rat but does no damage.
The river rat is heavily wounded.
The river rat closely misses you.
You shoot an arrow. The arrow barely misses the river rat.
The river rat barely misses you.
You shoot an arrow.
The arrow hits the river rat but does no damage.
The river rat is heavily wounded.
The river rat bites you!
You shoot an arrow.
The arrow hits the river rat but does no damage.
The river rat is heavily wounded.
The river rat closely misses you.
You shoot an arrow.
The arrow hits the river rat but does no damage.
The river rat is heavily wounded.
The river rat bites you.
You shoot an arrow.
The arrow hits the river rat but does no damage.
The river rat is heavily wounded.
The river rat barely misses you. The river rat bites you.
You shoot an arrow. The arrow closely misses the river rat.
The river rat bites you.
You shoot an arrow.
The arrow hits the river rat but does no damage.
The river rat is heavily wounded.
The river rat bites you but does no damage.
You shoot an arrow.
The arrow hits the river rat but does no damage.
The river rat is heavily wounded.
The river rat bites you.
You shoot an arrow. The arrow closely misses the river rat.
The river rat bites you!
You die...

## #~ ~# ~~ ~# ###### #~##~
.....# #~#~~ # ####.#
#~#~##~# #.# #~#~~~~# ####.#
#r#%#### .....########
#~@~~~~#
###.........########%#
####..#####.~~~~~~~%~#
......[.# #.~~#~#~#####
#...###.# #.~.~~~~~..#
#...#G#.####.....~....#######
#...###...##.................
........#.#####..#...########
.._.....#.# #..............#


You could see a river rat.

Vanquished Creatures
  3 adders
  4 worms
  8 ball pythons
  4 bats
  4 endoplasms (D:1)
  2 giant cockroaches (D:1)
  3 goblins (D:1)
  2 hobgoblins
  3 kobolds
  7 quokkas
  9 rats
49 creatures vanquished.

Notes
Turn   | Place    | Note
-------+----------+-------------------------------------------
     0 | D:1      | qw the Deep Elf Hunter began the quest for the Orb.
     0 | D:1      | Reached XP level 1. HP: 12/12 MP: 3/3
     0 | D:1      | 0 ||| qw: Version: 0.3-a-9-g12657ce
     0 | D:1      | 0 ||| qw: Game counter: 2481
     0 | D:1      | 0 ||| qw: Always use a shield: true
     0 | D:1      | 0 ||| qw: God list: Okawaru
     0 | D:1      | 0 ||| qw: Allow faded altars: false
     0 | D:1      | 0 ||| qw: Do Orc after D:15 true
     0 | D:1      | 0 ||| qw: Do second Lair branch before Depths: true
     0 | D:1      | 0 ||| qw: Lair rune preference: random
     0 | D:1      | 0 ||| qw: Plans: Normal
     0 | D:1      | 0 ||| PLANNING D:1-11
   144 | D:1      | Reached skill level 6 in Ranged Weapons
   144 | D:1      | Reached XP level 2. HP: 16/16 MP: 4/4
   214 | D:1      | You fall into a shaft and drop 1 floor!
   309 | D:2      | 309 ||| READING scroll labelled ROTWEU JIROLOPH.
   312 | D:2      | 312 ||| READING scroll labelled ANOGOE YWEYHER.
   313 | D:2      | 313 ||| DRINKING 2 smoky golden potions.
   314 | D:2      | 314 ||| DROPPING scroll of butterflies.
   336 | D:1      | Reached XP level 3. HP: 20/20 MP: 5/5
   741 | D:2      | Found Ujugotek's Jewellery Shoppe.
   748 | D:2      | 748 ||| SHOPLISTING +6 ring of dexterity (432 gold, have
                  | 21).
   748 | D:2      | 748 ||| SHOPLISTING amulet of reflection (360 gold, have
                  | 21).
   748 | D:2      | 748 ||| SHOPLISTING ring of resist corrosion (240 gold,
                  | have 21).
   748 | D:2      | 748 ||| SHOPLISTING ring of see invisible (180 gold, have
                  | 21).
   847 | D:2      | Found a basalt altar of Yredelemnul.
   881 | D:2      | HP: 5/20 [poisoned by an adder]
   884 | D:2      | HP: 2/20 [poisoned by an adder]
   885 | D:2      | Reached skill level 7 in Ranged Weapons
   885 | D:2      | 885 ||| DRINKING potion of curing.
   885 | D:2      | 885 ||| (to cure poison)
  1041 | D:2      | 1041 ||| UPGRADING to +0 helmet.
  1046 | D:2      | 1046 ||| UPGRADING to +6 ring of strength.
  1062 | D:3      | 1062 ||| PLANNING SEWER
  1080 | D:3      | Noticed a great orb of eyes
  1084 | D:3      | Found a faded altar of an unknown god.
  1086 | D:3      | Noticed a floating eye
  1086 | D:3      | Noticed a great orb of eyes
  1086 | D:3      | Noticed a floating eye
  1209 | D:3      | Reached XP level 4. HP: 25/25 MP: 6/6
  1279 | D:3      | HP: 5/25 [river rat (3)]
  1281 | D:3      | HP: 1/25 [river rat (5)]
  1282 | D:3      | Mangled by a river rat

Levels and vault maps discovered:
D:1:      wander_arrival_chamber, layout_basic
D:2:      layout_rooms, basic_altar, serial_shops, nicolae_shop_crystal,
          nicolae_concentric_dashed_squares_wild, minmay_pentomino_s2
D:3:      layout_loops_ring, hellmonk_ecumenical_altar_watching_god,
          ebering_ghost_reflecting_pool, lightli_sewer_entry_pipes

Skill      XL: |  1  2  3 |
---------------+----------+-----
Ranged Weapons | 6 7 |  7.7
Fighting       | |  1.5
Dodging        | |  2.4
Stealth        | |  1.2

Action                     |  1- 3 |  4- 6 || total
---------------------------+-------+-------++-------
   Fire: Shortbow          |   112 |    34 ||   146
    Use: Scroll            |     2 |       ||     2
         Potion            |     2 |       ||     2
 Armour: Leather armour    |     7 |     4 ||    11
  Dodge: Dodged            |    17 |     9 ||    26

Table legend:
 A = Non-vault XP
 B = Vault XP
 C = Vault XP percentage of total XP
 D = Non-vault monster count
 E = Vault monster count
 F = Vault count percentage of total count
                 A         B        C        D         E       F
            +---------+---------+-------+---------+---------+-------
      Total |      88 |      39 |  30.7 |      43 |       6 |  12.2
            +---------+---------+-------+---------+---------+-------
        D:1 |      40 |       0 |   0.0 |      24 |       0 |   0.0
        D:2 |      32 |       2 |   5.9 |      11 |       1 |   8.3
        D:3 |      16 |      37 |  69.8 |       8 |       5 |  38.5
            +---------+---------+-------+---------+---------+-------
